 Dungeon Crawl Stone Soup version 0.25.0-46-gbd7b0854d2 (webtiles) character file.

Game seed: 3930249758914777635

2394 Jimbable the Poker (level 9, -1/68 HPs)
             Began as a Merfolk Gladiator on July 15, 2020.
             Slain by Joseph
             ... wielding a +2 quarterstaff of draining
              (10 damage)
             ... on level 7 of the Dungeon.
             The game lasted 00:13:02 (7323 turns).

Jimbable the Poker (Merfolk Gladiator)              Turns: 7323, Time: 00:13:02

Health: -1/68      AC:  6    Str: 17    XL:     9   Next: 46%
Magic:  9/9        EV: 15    Int:  8    God:
Gold:   290        SH:  0    Dex: 15    Spells: 8/8 levels left

rFire    . . .     SeeInvis +   r - +4 quarterstaff (chaos)
rCold    + . .     Gourm    .   (shield currently unavailable)
rNeg     . . .     Faith    .   b - +0 leather armour
rPois    .         Spirit   .   c - +0 helmet
rElec    .         Reflect  .   (no cloak)
rCorr    .         Harm     .   F - +1 pair of gloves {archery}
MR       .....                  (no boots)
Stlth    ++........             y - amulet of the acrobat
HPRegen  0.21/turn              n - ring of see invisible
MPRegen  0.11/turn              v - ring of protection from cold

@: lightly drained
A: change form in water, swift swim, stealthy swim
a: no special abilities


You were on level 7 of the Dungeon.
You were not hungry.

You visited 1 branch of the dungeon, and saw 7 of its levels.

You collected 440 gold pieces.
You spent 150 gold pieces at shops.

Inventory:

Hand Weapons
 a - a +0 trident
 r - a +4 quarterstaff of chaos (weapon)
Missiles
 j - 12 boomerangs (quivered)
Armour
 b - a +0 leather armour (worn)
 c - a +0 helmet (worn)
 g - a +0 pair of gloves
 u - a +0 cloak
 F - a +1 pair of gloves of archery (worn)
Jewellery
 n - a ring of see invisible (left hand)
 v - a ring of protection from cold (right hand)
 x - an uncursed amulet of reflection
 y - an amulet of the acrobat (around neck)
Wands
 t - a wand of paralysis (10)
 w - a wand of flame (17)
 H - a wand of disintegration (14)
Scrolls
 d - a scroll of enchant weapon {unknown}
 i - 2 scrolls of noise {unknown}
 k - 13 scrolls of identify {unknown}
 l - 2 scrolls of remove curse {unknown}
 m - 3 scrolls of fog {unknown}
 p - 6 scrolls of teleportation {unknown}
 q - a scroll of amnesia {unknown}
 I - a scroll of blinking {unknown}
Potions
 e - 2 potions of curing {unknown}
 o - a potion of heal wounds {unknown}
 s - 2 potions of lignification {unknown}
 z - a potion of stabbing {unknown}
 A - a potion of mutation {unknown}
 B - a potion of invisibility {unknown}
 C - a potion of berserk rage {unknown}
 D - a potion of flight {unknown}
 E - 2 potions of cancellation {unknown}
 G - a potion of degeneration {unknown}
Comestibles
 f - 8 rations
 J - 5 chunks of flesh


   Skills:
 + Level 5.2(4.6) Fighting
 + Level 6.9(9.4) Polearms
 + Level 6.6 Staves
 + Level 2.4(1.9) Throwing
 + Level 3.1(2.6) Armour
 + Level 6.8(6.3) Dodging
 + Level 4.6(4.1) Stealth


You had 8 spell levels left.
You didn't know any spells.
Your spell library was empty.

Dungeon Overview and Level Annotations

Branches:
Dungeon (7/15)             Temple (0/1) D:7

Altars:
Dithmenos
Fedhas
Kikubaaqudgha
Makhleb
Nemelex Xobeh
Okawaru
Qazlal
Ru
Trog
Vehumet
Xom
Zin

Shops:
D:5 *

Annotations:
D:7 Joseph


Message History

You sense an unholy aura.
Joseph completely misses you.
You hit Joseph.
Joseph is lightly wounded.
You hit Joseph but do no damage.
Joseph suddenly seems more agile.
Joseph is lightly wounded.
Joseph hits you with a +2 quarterstaff of draining.
* * * LOW HITPOINT WARNING * * *
You feel drained.
* * * LOW HITPOINT WARNING * * *
You sock Joseph! You freeze Joseph.
Joseph is moderately wounded.
Joseph barely misses you.
You sock Joseph! You burn Joseph.
Joseph is heavily wounded.
Joseph hits you but does no damage.
You feel drained.
You closely miss Joseph.
Joseph is heavily wounded.
Joseph says, "I've waited for this moment for such a long time."
Joseph hits you with a +2 quarterstaff of draining!
You die...

§§§§§§§# ##.......## §§§§≈§§# +#
##..>..## §.§...§# .# ##...##
≈≈≈§§≈.######.#####.######'######
#######'##.@....(........((# #...
..# #.#.##.##.###(.#######.# #.##
#.# #...# # #..# ##(###.## #.#
#.### #.###@(######...##.#.
#.###.# #..(@......#.....#...
......# #####..###.##...##...
..##### #..###.###.###... ###
#.........)###...
...####........... ####
############


You could see Joseph (agile).

Vanquished Creatures
  Sigmund (D:4)
  A water moccasin (D:5)
  An orc warrior (D:7)
  An ice beast (D:6)
  3 sky beasts
  A phantom (D:6)
  5 centaurs
  2 bullfrogs
  A gnoll sergeant (D:6)
  A scorpion (D:4)
  4 crimson imps
  A jelly (D:7)
  A bullfrog zombie (D:4)
  4 hounds
  Crazy Yiuf (D:3)
  2 bullfrog skeletons (D:4)
  2 orc priests
  A centaur skeleton (D:6)
  2 orc wizards (D:5)
  2 iguanas
  2 worker ants (D:4)
  Natasha (thrice) (D:4)
  5 adders
  8 gnolls
  An ooze (D:1)
  A worm (D:2)
  A dart slug (D:2)
  4 leopard geckos
  11 orcs
  A ball python (D:5)
  2 giant cockroaches
  5 goblins
  A hobgoblin (D:3)
  10 jackals
  A quokka (D:7)
  4 bats
  2 frilled lizards (D:4)
  5 kobolds
  9 rats
113 creatures vanquished.

Vanquished Creatures (others)
  A worker ant (D:6)
  A howler monkey zombie (D:5)
2 creatures vanquished.

Grand Total: 115 creatures vanquished

Notes
Turn   | Place    | Note
-------+----------+-------------------------------------------
     0 | D:1      | Jimbable the Merfolk Gladiator began the quest for the Orb.
     0 | D:1      | Reached XP level 1. HP: 16/16 MP: 1/1
   196 | D:1      | Reached XP level 2. HP: 22/22 MP: 2/2
   866 | D:2      | Reached skill level 5 in Polearms
   866 | D:2      | Reached XP level 3. HP: 25/28 MP: 3/3
  1081 | D:2      | Reached skill level 5 in Dodging
  1677 | D:3      | Reached XP level 4. HP: 34/34 MP: 4/4
  1938 | D:3      | Found a runed translucent door.
  1939 | D:3      | Noticed Crazy Yiuf
  2346 | D:3      | Reached XP level 5. HP: 18/40 MP: 5/5
  2645 | D:3      | Found a shadowy altar of Dithmenos.
  2747 | D:3      | Killed Crazy Yiuf
  3061 | D:4      | Found an iron altar of Okawaru.
  3069 | D:4      | Reached skill level 1 in Armour
  3069 | D:4      | Reached skill level 1 in Stealth
  3145 | D:4      | Reached XP level 6. HP: 41/47 MP: 6/6
  3249 | D:4      | Found a radiant altar of Vehumet.
  3296 | D:4      | Noticed Sigmund
  3318 | D:4      | Killed Sigmund
  3318 | D:4      | Reached skill level 1 in Staves
  3336 | D:4      | Noticed Natasha
  3342 | D:4      | Reached XP level 7. HP: 44/52 MP: 7/7
  3353 | D:4      | Killed Natasha
  3589 | D:4      | Found a bloodstained altar of Trog.
  3645 | D:4      | Found a stormy altar of Qazlal.
  3699 | D:4      | Noticed Natasha
  3700 | D:4      | Found a shimmering altar of Xom.
  3703 | D:4      | Killed Natasha
  3779 | D:4      | Noticed Natasha
  3788 | D:4      | Killed Natasha
  4142 | D:4      | Found a blossoming altar of Fedhas.
  4145 | D:4      | Found an ancient bone altar of Kikubaaqudgha.
  4261 | D:5      | Entered Level 5 of the Dungeon
  4391 | D:5      | Identified the cursed +1 dagger "Ruggada" {protect, rN+}
  4470 | D:5      | Found Qoakkeh's Assorted Antiques.
  4486 | D:5      | Bought a pair of runed gloves for 150 gold pieces
  4521 | D:5      | Reached XP level 8. HP: 53/60 MP: 8/8
  4634 | D:5      | Found a burning altar of Makhleb.
  5253 | D:6      | Reached skill level 5 in Staves
  5542 | D:6      | Reached XP level 9. HP: 47/66 MP: 9/9
  6240 | D:6      | Found a sparkling altar of Nemelex Xobeh.
  6576 | D:7      | Found a sacrificial altar of Ru.
  6764 | D:7      | Found a staircase to the Ecumenical Temple.
  6791 | D:7      | Found a glowing silver altar of Zin.
  6889 | D:7      | Reached skill level 5 in Fighting
  7302 | D:7      | Noticed Joseph
  7323 | D:7      | Slain by Joseph

Illustrated notes

Levels and vault maps discovered:
D:1:      psy_arrival_conway, layout_loops_ring
D:2:      layout_loops_corners, minmay_unequal
D:3:      layout_loops_ring, marbit_many_paths, uniq_crazy_yiuf_cottage
D:4:      layout_loops_ring, grunt_temple_overflow_growth_and_decay,
          lemuel_crystal_altar, nicolae_qazlal_general_emergency,
          vehumet_altar_wand_db, okawaru_trees_1, kennysheep_crisscross,
          solitary_fountain, xom_teletrap_fun, uniq_natasha, uniq_sigmund
D:5:      layout_loops_ring, lemuel_crystal_altar, serial_shops, shop,
          first_ration
D:6:      layout_rooms, nemelex_spade_bored_becter
D:7:      layout_loops_corners, zin_academy, nicolae_ru_awakened_eye,
          minmay_temple_entry_drinking_statues, the_bakery,
          kennysheep_pointless_box, st_stairs_10, uniq_joseph

Skill      XL: |  1  2  3  4  5  6  7  8  9 |
---------------+----------------------------+-----
Polearms       | 5 6 |  6.9
Dodging        | 5 6 |  6.8
Fighting       | 3 4 5 |  5.2
Armour         | 1 2 3 |  3.1
Stealth        | 1 2 3 4 |  4.6
Staves         | 2 3 5 6 |  6.6
Throwing       | |  2.4

Action                   |  1- 3 |  4- 6 |  7- 9 || total
-------------------------+-------+-------+-------++-------
Melee: Trident           |   103 |    58 |       ||   161
       Quarterstaff      |       |    30 |   249 ||   279
Throw: Throwing net      |       |     5 |       ||     5
       Javelin           |       |     2 |     6 ||     8
 Stab: Sleeping          |     3 |     3 |     3 ||     9
       Paralysed         |       |     2 |     5 ||     7
       Petrified         |       |       |     2 ||     2
       Distracted        |       |       |     1 ||     1
       Petrifying        |       |       |     1 ||     1
  Eat: Chunk             |     2 |     6 |     9 ||    17
       Ration            |       |       |     1 ||     1
Armor: Leather armour    |    22 |    15 |    37 ||    74
Dodge: Dodged            |    53 |    49 |   224 ||   326
Block: Other             |       |       |    10 ||    10
